 Dungeon Crawl Stone Soup version 0.26.1-11-gd32895ea62 (webtiles) character file.

Game seed: 2862677839869208309

2116 sankara the Grappler (level 9, -11/64 HPs)
             Began as a Minotaur Transmuter on June 14, 2021.
             Was a Follower of Okawaru.
             Killed by divine providence
             ... invoked by an orc priest
              (14 damage)
             ... on level 7 of the Dungeon.
             The game lasted 00:23:28 (9300 turns).

sankara the Grappler (Minotaur Transmuter)          Turns: 9300, Time: 00:23:28

Health: -11/64     AC:  2    Str: 15    XL:     9   Next: 8%
Magic:  6/11       EV: 20    Int: 10    God:    Okawaru [*.....]
Gold:   384        SH:  0    Dex: 19    Spells: 6/12 levels left

rFire    + . .     SeeInvis .     - Unarmed
rCold    . . .     Faith    .   (shield currently unavailable)
rNeg     . . .     Spirit   .   (armour currently unavailable)
rPois    x         Reflect  .   (helmet currently unavailable)
rElec    .         Harm     .   (cloak currently unavailable)
rCorr    +         Rampage  .   (gloves currently unavailable)
Will     .....                  (boots currently unavailable)
Stlth    ++........             (no amulet)
HPRegen  0.20/turn              J - ring of resist corrosion
MPRegen  0.12/turn              B - ring of protection from fire

@: lethally poisoned (-11 -> -22), spider-form, wereblooded
A: tiny, (retaliatory headbutt)
a: End Transformation, Renounce Religion, Heroism


You were on level 7 of the Dungeon.
You worshipped Okawaru.
Okawaru was aware of your devotion.
You were a venomous arachnid creature.
You visited 2 branches of the dungeon, and saw 8 of its levels.

You collected 384 gold pieces.

Inventory:

Hand Weapons
 b - a +4 hunting sling
 r - a +1 hunting sling of flaming
Missiles
 e - 302 stones
 i - 73 sling bullets
 u - 4 javelins
 D - 2 curare-tipped darts
Armour
 a - a +0 robe (melded)
 g - a +0 pair of boots (melded)
 q - a +0 leather armour
 v - a +1 cloak (melded)
 C - a scarf of shadows
Jewellery
 c - an uncursed ring of see invisible
 B - a ring of protection from fire (right front leg)
 J - a ring of resist corrosion (left front leg)
Wands
 H - a wand of paralysis (12)
 L - a wand of polymorph (7)
Scrolls
 d - 3 scrolls of fear {unknown}
 h - 4 scrolls of teleportation {unknown}
 k - a scroll of enchant armour {unknown}
 l - 8 scrolls of identify {unknown}
 o - 3 scrolls of magic mapping {unknown}
 t - 2 scrolls of noise {unknown}
 w - 2 scrolls of enchant weapon {unknown}
 x - 2 scrolls of remove curse {unknown}
 y - a scroll of random uselessness {unknown}
 E - a scroll of amnesia {unknown}
 I - 2 scrolls of fog {unknown}
Potions
 f - a potion of ambrosia {unknown}
 j - 2 potions of haste
 m - 2 potions of degeneration {unknown}
 n - 5 potions of curing
 p - a potion of brilliance {unknown}
 s - a potion of lignification {unknown}
 z - 2 potions of flight {unknown}
 A - a potion of might {unknown}
 F - a potion of mutation {unknown}
 G - a potion of magic {unknown}
 K - a potion of cancellation {unknown}


   Skills:
 - Level 1.2 Fighting
 - Level 2.1 Dodging
 * Level 9.4 Unarmed Combat
 - Level 2.0 Spellcasting
 * Level 6.9 Transmutations
 - Level 2.0 Poison Magic


You had 6 spell levels left.
You knew the following spells:

 Your Spells              Type           Power        Failure   Level
a - Beastly Appendage     Tmut           28%          8%          1
b - Wereblood             Tmut           14%          10%         2
c - Spider Form           Tmut/Pois      4%           34%         3

Your spell library contained the following spells:

 Spells                   Type           Power        Failure   Level
 Blade Hands              Tmut           7%           67%         5
 Ice Form                 Ice/Tmut       7%           78%         4


Dungeon Overview and Level Annotations

Branches:
Dungeon (7/15)             Temple (1/1) D:6

Altars:
Ashenzari
Cheibriados
Dithmenos
Elyvilon
Fedhas
Gozag
Hepliaklqana
Makhleb
Okawaru
Qazlal
Ru
Sif Muna
Trog
Vehumet
Wu Jian
Xom
Yredelemnul
Zin

Annotations:
D:6 2 transporters, PanSaczeczos's ghost, amateur DsNe


Innate Abilities, Weirdness & Mutations

((You reflexively headbutt those who attack you in melee.))
((You have a pair of horns on your head.))


Message History

You feel sick.
The orc priest begins to cast a cantrip, but forgets the words!
The centaur shoots an arrow.
The arrow completely misses you.
Unknown command.
You feel sick.
The centaur unwields a +0 shortbow.
The centaur hits you!
* * * LOW HITPOINT WARNING * * *
The orc priest mumbles some strange prayers to Beogh against you.
Pain shoots through your body!
* * * LOW HITPOINT WARNING * * *
Found a club.
Things that are here:
a +0 dagger; an orc corpse; a worker ant corpse You maul the centaur!!
The centaur is almost dead.
* * * LOW HITPOINT WARNING * * *
You feel sick. The centaur hits you.
* * * LOW HITPOINT WARNING * * *
The orc priest calls down the wrath of Beogh upon you.
Beogh smites you!
You die...

##########......#(...........##.#
.)# ########............##.# #.#
#.....(......##.# #.#
#............##.# #)#
#........[(..'... #.#
######............##.# #.#######
#......(####..######.# #†......#
#....)(.# ##.## #.# ...####.#
#...cs..# #..# #.# ...# #.#
#....o### #### #.# ...# #.#
#.....# #.# ...####.# #.....8 #.#
........# #####.. ...###### ....
...# ..8. ..[#### ).#⌠# ......#


You could see a centaur and an orc priest.

Vanquished Creatures
  Pikel (D:7)
  An orc warrior (D:7)
  A phantom (D:4)
  An ogre (D:6)
  3 lemures (D:7)
  4 bullfrogs
  A scorpion (D:7)
  4 wights
  2 bullfrog zombies
  An orc priest (D:5)
  2 jellies
  3 hounds
  4 orc wizards
  A centaur skeleton (D:4)
  2 iguanas
  Terence (D:3)
  Natasha (thrice) (D:2)
  4 worker ants
  2 hound skeletons
  A worker ant zombie (D:7)
  Robin (D:2)
  8 adders
  4 gnolls (D:2)
  A shadow imp (D:7)
  2 oozes
  An adder skeleton (D:5)
  4 worms
  5 dart slugs
  4 leopard geckos
  13 orcs
  16 bats
  7 giant cockroaches
  12 goblins
  8 hobgoblins
  2 jackals (D:4)
  2 quokkas (D:3)
  3 ball pythons
  A frilled lizard (D:1)
  9 kobolds
  2 leopard gecko skeletons
  A quokka skeleton (D:5)
  12 rats
160 creatures vanquished.

Notes
Turn   | Place    | Note
-------+----------+-------------------------------------------
     0 | D:1      | sankara the Minotaur Transmuter began the quest for the
                  | Orb.
     0 | D:1      | Reached XP level 1. HP: 16/16 MP: 1/1
    48 | D:1      | Reached XP level 2. HP: 17/23 MP: 0/3
   127 | D:1      | Learned a level 2 spell: Wereblood
   670 | D:1      | Reached XP level 3. HP: 17/28 MP: 1/4
  1265 | D:2      | Noticed Natasha
  1271 | D:2      | Killed Natasha
  1272 | D:2      | Reached skill level 4 in Unarmed Combat
  1371 | D:2      | Found a broken altar of Ashenzari.
  1613 | D:2      | Reached XP level 4. HP: 35/35 MP: 3/5
  1698 | D:2      | Learned a level 3 spell: Spider Form
  1783 | D:2      | Noticed Natasha
  1806 | D:2      | Killed Natasha
  2251 | D:2      | Noticed Natasha
  2255 | D:2      | Killed Natasha
  2256 | D:2      | Reached XP level 5. HP: 30/40 MP: 5/7
  2754 | D:2      | Noticed Robin
  2775 | D:2      | Killed Robin
  3051 | D:3      | Reached skill level 5 in Unarmed Combat
  3303 | D:3      | Noticed Terence
  3327 | D:3      | Killed Terence
  3343 | D:3      | Reached skill level 1 in Poison Magic
  3745 | D:3      | Found a sacrificial altar of Ru.
  3761 | D:3      | Reached XP level 6. HP: 46/47 MP: 8/8
  3771 | D:3      | Became a worshipper of Ru the Awakened
  4846 | D:4      | Reached skill level 6 in Unarmed Combat
  5210 | D:4      | Reached XP level 7. HP: 51/52 MP: 7/9
  5407 | D:5      | Entered Level 5 of the Dungeon
  6251 | D:5      | HP: 1/52 [orc priest/divine providence (14)]
  6705 | D:5      | Found a hazy altar of Hepliaklqana.
  6828 | D:6      | Reached skill level 7 in Unarmed Combat
  6828 | D:6      | Reached skill level 5 in Transmutations
  7020 | D:6      | Reached XP level 8. HP: 58/59 MP: 8/10
  7461 | D:6      | Found a stormy altar of Qazlal.
  7522 | D:6      | Found a staircase to the Ecumenical Temple.
  7644 | Temple   | Entered the Ecumenical Temple
  7902 | D:6      | Found a transporter.
  7905 | D:6      | Found an iron altar of Okawaru.
  7913 | D:6      | Fell from the grace of Ru
  7913 | D:6      | Became a worshipper of Warmaster Okawaru
  7987 | D:6      | Found a transporter.
  7990 | D:6      | Noticed PanSaczeczos's ghost (amateur DsNe)
  8015 | D:6      | Noticed a four-headed hydra
  8560 | D:7      | Reached skill level 8 in Unarmed Combat
  8809 | D:7      | Reached * piety under Okawaru
  9029 | D:7      | Noticed Pikel
  9041 | D:7      | Killed Pikel
  9042 | D:7      | Reached skill level 9 in Unarmed Combat
  9042 | D:7      | Reached XP level 9. HP: 25/64 MP: 7/11
  9300 | D:7      | HP: 3/64 [centaur (5)]
  9300 | D:7      | Killed from afar by an orc priest

Illustrated notes

Levels and vault maps discovered:
D:1:      saegor_arrival_simple_c, layout_loops_ring
D:2:      layout_basic, nicolae_ashenzari_panopticon, uniq_natasha, uniq_robin
D:3:      layout_rooms, nicolae_ru_great_annihilating_truth, uniq_terence
D:4:      layout_gridville, due_unseen_surprise
D:5:      layout_rooms, nzn_hepliaklqana_mist_gate
D:6:      layout_basic, okawaru_trees_1, lemuel_coloured_pillars_altar,
          temple_pool_b, gammafunk_ghost_arena
D:7:      layout_basic, minitemple, uniq_pikel
Temple:   nicolae_temple_god_jail

Skill      XL: |  1  2  3  4  5  6  7  8 |
---------------+-------------------------+-----
Transmutations | 2 3 4 5 6 |  6.9
Unarmed Combat | 4 5 6 7 9 |  9.4
Spellcasting   | 2 |  2.0
Poison Magic   | 1 2 |  2.0
Fighting       | |  1.2
Dodging        | |  2.1

Action                   |  1- 3 |  4- 6 |  7- 9 || total
-------------------------+-------+-------+-------++-------
Melee: Unarmed           |    80 |   175 |   186 ||   441
       Kick              |    14 |    28 |    35 ||    77
       Headbutt          |    10 |    19 |    21 ||    50
       Punch             |     1 |       |     1 ||     2
 Fire: Hunting sling     |       |    20 |     9 ||    29
 Cast: Beastly Appendage |    18 |    40 |    35 ||    93
       Wereblood         |       |     5 |     8 ||    13
       Spider Form       |       |       |     5 ||     5
Invok: Reject Sacrifices |       |       |     1 ||     1
  Use: Potion            |       |       |     2 ||     2
 Stab: Distracted        |     1 |       |       ||     1
       Paralysed         |       |     1 |       ||     1
Armor: Robe              |    12 |    16 |    21 ||    49
       Skin              |       |       |     1 ||     1
Dodge: Dodged            |    51 |   112 |   110 ||   273
